[ AOE2 MATCH · #487220134 ]
Team RMMaya vs Japanese
[ REPLAY ANALYSIS · EXTRACTED FROM THE RECORDED GAME ]
Feudal
11:42
Castle
18:13
Imperial
—
| APM avg | 21.4 |
| APM peak | 53 |
| eAPM avg | 11.1 |
| Villagers / military | 67 / 37 |
Focus
⚔️ 29.4% · 🌾 70.6%
Skirmisher ×18 · Archer ×7 · Eagle Scout ×5 · Spearman ×4 · Monk ×3
Feudal
10:36
Castle
18:37
Imperial
34:16
| APM avg | 16.3 |
| APM peak | 42 |
| eAPM avg | 11.1 |
| Villagers / military | 124 / 90 |
Focus
⚔️ 15.0% · 🌾 85.0%
Conquistador ×87 · Trebuchet (Packed) ×3
Feudal
14:02
Castle
21:21
Imperial
25:58
| APM avg | 19.5 |
| APM peak | 80 |
| eAPM avg | 11.6 |
| Villagers / military | 132 / 113 |
Focus
⚔️ 25.1% · 🌾 74.9%
Knight ×83 · Cavalry Archer ×30
Feudal
10:07
Castle
19:12
Imperial
37:53
| APM avg | 21.1 |
| APM peak | 83 |
| eAPM avg | 11.9 |
| Villagers / military | 98 / 178 |
Focus
⚔️ 23.6% · 🌾 76.4%
Samurai ×73 · Spearman ×50 · Skirmisher ×44 · Fishing Ship ×15 · Cavalry Archer ×5 · Fire Galley ×2
Match map
Initial resources + every placement click. Lines = walls · curves = elevation contours. ◆ gold · ⬟ stone · ● berries · ✦ relic · ◌ wall gap
Your base· ✓ Map-separated
yeah_dkb's base· ✓ Map-separated
keager241's base· ✓ Map-separated
in3rt!a's base· ✓ Map-separated
Smoothed initial terrain · ◌ = detected wall gap · hover for details
Inputs per minute
— Barry McCocnher - - yeah_dkb
Build order — Barry McCocnher
First 150 of 222 actions detected
| 0:03 | Research | Loom |
| 0:05 | Build | House |
| 0:12 | Create | Villager (Male) |
| 0:12 | Create | Villager (Male) |
| 0:28 | Create | Villager (Male) |
| 1:32 | Create | Villager (Male) |
| 1:52 | Build | House |
| 2:08 | Create | Villager (Male) |
| 2:11 | Create | Villager (Male) |
| 2:58 | Build | Lumber Camp |
| 3:11 | Create | Villager (Male) |
| 3:11 | Create | Villager (Male) |
| 3:40 | Create | Villager (Male) |
| 4:06 | Create | Villager (Male) |
| 4:41 | Create | Villager (Male) |
| 4:54 | Build | House |
| 5:00 | Build | House |
| 5:15 | Build | Mill |
| 5:20 | Create | Villager (Male) |
| 5:20 | Create | Villager (Male) |
| 5:53 | Build | Palisade Wall |
| 6:02 | Create | Villager (Male) |
| 6:02 | Create | Villager (Male) |
| 6:34 | Create | Villager (Male) |
| 6:35 | Create | Villager (Male) |
| 6:43 | Build | Mill |
| 7:12 | Create | Villager (Male) |
| 7:27 | Build | Palisade Wall |
| 8:32 | Build | Mining Camp |
| 9:32 | Research | Feudal Age |
| 10:05 | Build | Palisade Wall |
| 10:55 | Build | Lumber Camp |
| 11:11 | Build | Barracks |
| 11:32 | Build | House |
| 11:34 | Build | House |
| 11:42 | Age | Feudal Age |
| 11:45 | Build | House |
| 12:05 | Create | Villager (Male) |
| 12:05 | Create | Villager (Male) |
| 12:05 | Create | Villager (Male) |
| 12:10 | Research | Double-Bit Axe |
| 13:10 | Build | Palisade Wall |
| 13:13 | Build | Palisade Wall |
| 13:43 | Build | Archery Range |
| 13:51 | Build | Palisade Wall |
| 14:00 | Build | Farm |
| 14:03 | Create | Villager (Male) |
| 14:04 | Create | Villager (Male) |
| 14:40 | Build | Blacksmith |
| 14:54 | Create | Spearman |
| 15:33 | Research | Castle Age |
| 15:36 | Create | Archer |
| 15:36 | Create | Archer |
| 15:37 | Create | Archer |
| 15:37 | Create | Archer |
| 15:59 | Create | Spearman |
| 16:11 | Research | Horse Collar |
| 16:44 | Build | Archery Range |
| 17:21 | Research | Fletching |
| 17:34 | Create | Spearman |
| 17:34 | Create | Spearman |
| 17:53 | Create | Archer |
| 17:53 | Create | Archer |
| 17:59 | Build | House |
| 18:00 | Build | House |
| 18:02 | Build | Farm |
| 18:03 | Build | Farm |
| 18:03 | Build | Farm |
| 18:03 | Build | Farm |
| 18:03 | Build | Farm |
| 18:04 | Build | Farm |
| 18:13 | Age | Castle Age |
| 18:35 | Build | Town Center |
| 18:38 | Create | Villager (Male) |
| 18:38 | Create | Villager (Male) |
| 19:48 | Research | Crossbowman (upgrade) |
| 20:07 | Build | House |
| 20:08 | Build | House |
| 20:09 | Build | House |
| 20:09 | Build | House |
| 20:10 | Build | House |
| 20:25 | Create | Villager (Male) |
| 20:26 | Create | Villager (Male) |
| 20:26 | Create | Villager (Male) |
| 21:16 | Build | Farm |
| 21:17 | Build | Farm |
| 21:17 | Build | Farm |
| 21:17 | Build | Farm |
| 21:21 | Research | Heavy Plow |
| 22:22 | Build | Dock |
| 22:37 | Research | Thumb Ring |
| 22:41 | Create | Archer |
| 23:23 | Research | Thumb Ring |
| 23:42 | Build | Farm |
| 23:42 | Build | Farm |
| 23:42 | Build | Farm |
| 23:48 | Build | House |
| 23:50 | Build | House |
| 23:51 | Build | House |
| 24:15 | Research | Pikeman (upgrade) |
| 24:20 | Create | Villager (Male) |
| 24:20 | Create | Villager (Male) |
| 24:21 | Create | Villager (Male) |
| 24:21 | Create | Villager (Male) |
| 24:25 | Build | Farm |
| 24:46 | Build | Monastery |
| 25:16 | Build | Farm |
| 25:19 | Create | Monk |
| 25:19 | Create | Monk |
| 25:38 | Build | Stone Wall |
| 25:50 | Research | Elite Skirmisher (upgrade) |
| 26:10 | Build | Gate |
| 26:24 | Build | House |
| 27:12 | Create | Skirmisher |
| 27:13 | Create | Skirmisher |
| 27:13 | Create | Skirmisher |
| 27:38 | Build | Stone Wall |
| 27:49 | Build | Market |
| 28:13 | Build | Mining Camp |
| 28:36 | Build | Castle |
| 29:09 | Create | Skirmisher |
| 29:09 | Create | Skirmisher |
| 29:09 | Create | Skirmisher |
| 29:27 | Build | Castle |
| 29:44 | Build | Castle |
| 30:06 | Research | Wheelbarrow |
| 30:51 | Build | Castle |
| 31:15 | Build | Stone Wall |
| 31:20 | Create | Villager (Male) |
| 31:21 | Create | Villager (Male) |
| 31:21 | Create | Villager (Male) |
| 31:21 | Create | Villager (Male) |
| 31:22 | Create | Villager (Male) |
| 31:22 | Create | Villager (Male) |
| 31:50 | Research | Bodkin Arrow |
| 32:09 | Build | Archery Range |
| 32:57 | Create | Skirmisher |
| 32:57 | Create | Skirmisher |
| 32:57 | Create | Skirmisher |
| 32:58 | Create | Skirmisher |
| 32:58 | Create | Skirmisher |
| 32:58 | Create | Skirmisher |
| 32:58 | Create | Skirmisher |
| 33:21 | Build | Stone Wall |
| 33:25 | Build | Stone Wall |
| 33:37 | Build | Gate |
| 34:11 | Build | Castle |
| 34:52 | Create | Villager (Male) |
| 34:52 | Create | Villager (Male) |
| 34:52 | Create | Villager (Male) |
Build order — yeah_dkb
First 150 of 195 actions detected
| 0:00 | Create | Villager (Male) ×4 |
| 0:03 | Build | House |
| 0:05 | Build | House |
| 1:23 | Create | Villager (Male) |
| 1:23 | Create | Villager (Male) |
| 2:03 | Create | Villager (Male) |
| 2:15 | Build | Lumber Camp |
| 2:29 | Create | Villager (Male) |
| 3:22 | Create | Villager (Male) |
| 3:22 | Create | Villager (Male) |
| 3:22 | Create | Villager (Male) |
| 4:16 | Build | House |
| 4:24 | Create | Villager (Male) |
| 4:24 | Create | Villager (Male) |
| 4:25 | Create | Villager (Male) |
| 5:46 | Create | Villager (Male) |
| 5:57 | Build | Mining Camp |
| 6:07 | Create | Villager (Male) |
| 6:27 | Create | Villager (Male) |
| 6:28 | Create | Villager (Male) |
| 6:28 | Create | Villager (Male) |
| 6:33 | Build | House |
| 8:01 | Research | Loom |
| 8:14 | Research | Feudal Age |
| 8:42 | Build | Barracks |
| 8:49 | Create | Villager (Male) |
| 8:49 | Create | Villager (Male) |
| 8:58 | Build | House |
| 9:03 | Build | House |
| 9:53 | Build | Mill |
| 10:36 | Age | Feudal Age |
| 10:52 | Build | Market |
| 11:01 | Build | Blacksmith |
| 11:22 | Build | House |
| 11:30 | Create | Villager (Male) |
| 11:31 | Create | Villager (Male) |
| 12:22 | Create | Villager (Male) |
| 12:45 | Create | Villager (Male) |
| 12:54 | Build | Farm |
| 12:55 | Build | Farm |
| 12:56 | Build | Farm |
| 12:56 | Build | Farm |
| 12:57 | Build | Farm |
| 13:21 | Create | Villager (Male) |
| 13:27 | Research | Double-Bit Axe |
| 13:46 | Create | Villager (Male) |
| 14:15 | Build | Farm |
| 14:15 | Build | Farm |
| 14:36 | Build | Lumber Camp |
| 15:08 | Build | Farm |
| 15:57 | Research | Castle Age |
| 15:58 | Research | Castle Age |
| 16:10 | Build | Farm |
| 16:36 | Create | Villager (Male) |
| 17:50 | Create | Villager (Male) |
| 18:02 | Research | Wheelbarrow |
| 18:37 | Age | Castle Age |
| 18:43 | Build | Town Center |
| 19:01 | Build | Castle |
| 19:21 | Create | Villager (Male) ×5 |
| 19:32 | Research | Bow Saw |
| 19:39 | Research | Horse Collar |
| 20:03 | Build | Stone Wall |
| 20:13 | Create | Conquistador ×5 |
| 20:22 | Research | Fletching |
| 20:32 | Build | Farm |
| 20:33 | Build | Farm |
| 20:33 | Build | Farm |
| 20:41 | Build | Farm |
| 21:01 | Build | University |
| 21:11 | Create | Villager (Male) ×2 |
| 21:17 | Build | Farm |
| 22:03 | Build | Farm |
| 22:04 | Build | Farm |
| 22:17 | Build | Farm |
| 22:18 | Build | Farm |
| 22:41 | Create | Villager (Male) ×5 |
| 22:43 | Create | Conquistador |
| 23:23 | Research | Ballistics |
| 24:14 | Build | Farm |
| 24:21 | Build | Farm |
| 24:52 | Create | Conquistador ×5 |
| 24:52 | Create | Conquistador ×2 |
| 25:17 | Create | Villager (Male) ×5 |
| 25:17 | Create | Villager (Male) |
| 25:23 | Build | Farm |
| 25:23 | Build | Farm |
| 25:24 | Build | Farm |
| 26:06 | Build | Farm |
| 26:47 | Research | Bodkin Arrow |
| 26:47 | Research | Padded Archer Armor |
| 26:53 | Build | Farm |
| 26:53 | Build | Farm |
| 26:59 | Create | Conquistador |
| 27:05 | Build | Farm |
| 27:42 | Research | Scale Barding Armor |
| 27:43 | Research | Forging |
| 28:10 | Build | House |
| 28:11 | Build | House |
| 28:11 | Build | House |
| 28:12 | Build | House |
| 28:12 | Build | House |
| 28:12 | Build | House |
| 28:13 | Build | House |
| 28:14 | Build | House |
| 28:14 | Build | House |
| 28:15 | Build | House |
| 28:15 | Build | House |
| 28:15 | Build | House |
| 28:36 | Create | Villager (Male) ×5 |
| 28:37 | Create | Villager (Male) ×5 |
| 29:54 | Create | Conquistador ×5 |
| 30:01 | Build | Farm |
| 30:01 | Build | Farm |
| 31:06 | Research | Imperial Age |
| 32:05 | Build | House |
| 32:07 | Build | House |
| 32:54 | Build | House |
| 32:56 | Build | House |
| 32:57 | Build | House |
| 32:58 | Build | House |
| 32:59 | Build | House |
| 32:59 | Build | House |
| 32:59 | Build | House |
| 33:03 | Research | Bow Saw |
| 33:05 | Research | Heavy Plow |
| 33:09 | Create | Villager (Male) ×5 |
| 34:16 | Age | Imperial Age |
| 34:23 | Create | Trebuchet (Packed) |
| 34:44 | Build | Castle |
| 34:55 | Research | Hand Cart |
| 34:59 | Research | Town Watch |
| 36:06 | Create | Villager (Male) ×5 |
| 36:17 | Create | Trebuchet (Packed) |
| 37:01 | Create | Trebuchet (Packed) |
| 37:23 | Research | Chemistry |
| 38:08 | Build | Town Center |
| 38:58 | Research | Tech 60 |
| 39:46 | Create | Conquistador ×4 |
| 39:46 | Create | Conquistador ×4 |
| 39:47 | Create | Conquistador |
| 40:10 | Build | Farm |
| 40:10 | Build | Farm |
| 40:11 | Build | Farm |
| 40:12 | Build | Farm |
| 40:17 | Create | Villager (Male) ×5 |
| 40:17 | Create | Villager (Male) ×5 |
| 40:18 | Create | Villager (Male) ×5 |
| 40:18 | Create | Villager (Male) ×5 |
| 40:18 | Create | Villager (Male) ×5 |
Build order — keager241
First 150 of 283 actions detected
| 0:11 | Create | Villager (Male) ×4 |
| 0:30 | Research | Loom |
| 1:33 | Create | Villager (Male) |
| 2:10 | Create | Villager (Male) |
| 2:15 | Create | Villager (Male) |
| 3:00 | Create | Villager (Male) |
| 3:00 | Create | Villager (Male) |
| 3:06 | Create | Villager (Male) |
| 3:06 | Create | Villager (Male) |
| 3:32 | Create | Villager (Male) |
| 3:40 | Create | Villager (Male) |
| 3:54 | Build | Mill |
| 4:13 | Create | Villager (Male) |
| 4:13 | Create | Villager (Male) |
| 4:34 | Create | Villager (Male) |
| 4:46 | Create | Villager (Male) |
| 5:29 | Create | Villager (Male) |
| 6:27 | Create | Villager (Male) |
| 6:33 | Create | Villager (Male) |
| 6:33 | Create | Villager (Male) |
| 6:34 | Create | Villager (Male) |
| 6:49 | Create | Villager (Male) |
| 7:24 | Create | Villager (Male) |
| 7:24 | Create | Villager (Male) |
| 7:24 | Create | Villager (Male) |
| 7:40 | Create | Villager (Male) |
| 7:41 | Create | Villager (Male) |
| 7:41 | Create | Villager (Male) |
| 7:41 | Create | Villager (Male) |
| 8:15 | Build | Lumber Camp |
| 9:13 | Build | Palisade Wall |
| 9:58 | Build | Mill |
| 10:09 | Build | Mining Camp |
| 10:28 | Build | Mining Camp |
| 10:47 | Build | Palisade Wall |
| 10:53 | Research | Feudal Age |
| 13:50 | Build | Palisade Wall |
| 13:55 | Build | Palisade Wall |
| 14:02 | Age | Feudal Age |
| 14:06 | Create | Villager (Male) |
| 14:07 | Create | Villager (Male) |
| 14:07 | Create | Villager (Male) |
| 14:08 | Create | Villager (Male) |
| 14:08 | Create | Villager (Male) |
| 14:08 | Create | Villager (Male) |
| 14:08 | Create | Villager (Male) |
| 14:26 | Build | Blacksmith |
| 14:33 | Build | Market |
| 14:39 | Build | Barracks |
| 14:45 | Build | Farm |
| 14:46 | Build | Farm |
| 14:46 | Build | Farm |
| 14:46 | Build | Farm |
| 14:47 | Build | Farm |
| 14:47 | Build | Farm |
| 14:47 | Build | Farm |
| 14:48 | Build | Farm |
| 14:48 | Build | Farm |
| 15:12 | Research | Horse Collar |
| 15:13 | Research | Horse Collar |
| 15:22 | Build | Farm |
| 15:52 | Research | Double-Bit Axe |
| 16:25 | Build | Farm |
| 16:25 | Build | Farm |
| 16:33 | Build | Farm |
| 16:33 | Build | Farm |
| 17:04 | Create | Villager (Male) |
| 17:08 | Research | Wheelbarrow |
| 17:20 | Build | Lumber Camp |
| 18:04 | Build | Lumber Camp |
| 18:41 | Research | Castle Age |
| 19:05 | Build | Stable |
| 19:07 | Build | Stable |
| 19:11 | Build | Stable |
| 19:38 | Build | Stable |
| 20:57 | Build | Stable |
| 20:59 | Build | Stable |
| 21:21 | Age | Castle Age |
| 21:24 | Build | Monastery |
| 21:30 | Create | Villager (Male) ×5 |
| 21:57 | Build | University |
| 22:48 | Research | Imperial Age |
| 22:57 | Build | Town Center |
| 23:29 | Research | Heavy Plow |
| 24:14 | Create | Villager (Male) ×5 |
| 24:19 | Create | Villager (Male) ×5 |
| 24:21 | Create | Villager (Male) |
| 24:35 | Build | Lumber Camp |
| 24:43 | Build | Lumber Camp |
| 24:58 | Research | Bow Saw |
| 25:33 | Create | Villager (Male) ×5 |
| 25:54 | Build | Town Center |
| 25:57 | Create | Villager (Male) ×2 |
| 25:58 | Age | Imperial Age |
| 26:28 | Research | Bloodlines |
| 26:33 | Create | Villager (Male) |
| 26:58 | Research | Husbandry |
| 27:25 | Create | Knight ×2 |
| 27:49 | Create | Knight |
| 28:06 | Create | Knight |
| 28:09 | Create | Knight |
| 28:09 | Create | Knight |
| 28:20 | Create | Knight |
| 28:20 | Create | Knight |
| 28:29 | Build | Farm |
| 28:29 | Build | Farm |
| 28:29 | Build | Farm |
| 28:29 | Build | Farm |
| 28:30 | Build | Farm |
| 28:30 | Build | Farm |
| 28:30 | Build | Farm |
| 28:31 | Build | Farm |
| 28:37 | Create | Villager (Male) |
| 28:39 | Create | Villager (Male) |
| 28:39 | Create | Villager (Male) |
| 28:51 | Create | Villager (Male) |
| 28:51 | Create | Villager (Male) |
| 29:03 | Create | Knight |
| 29:16 | Create | Villager (Male) |
| 29:49 | Create | Villager (Male) ×4 |
| 30:08 | Build | Castle |
| 30:33 | Research | Cavalier (upgrade) |
| 30:49 | Create | Knight ×3 |
| 30:49 | Create | Knight ×3 |
| 31:01 | Create | Villager (Male) ×2 |
| 31:01 | Create | Villager (Male) ×2 |
| 31:05 | Build | Farm |
| 31:05 | Build | Farm |
| 31:06 | Build | Farm |
| 31:06 | Build | Farm |
| 31:06 | Build | Farm |
| 31:06 | Build | Farm |
| 31:07 | Build | Farm |
| 31:07 | Build | Farm |
| 31:07 | Build | Farm |
| 31:07 | Build | Farm |
| 31:29 | Create | Knight ×3 |
| 31:42 | Create | Knight |
| 31:43 | Create | Knight |
| 31:47 | Build | Farm |
| 32:14 | Create | Knight ×3 |
| 32:14 | Create | Knight ×3 |
| 32:24 | Build | Archery Range |
| 32:24 | Build | Archery Range |
| 32:25 | Build | Archery Range |
| 32:25 | Build | Archery Range |
| 32:26 | Build | Archery Range |
| 32:26 | Build | Archery Range |
| 32:26 | Build | Archery Range |
| 32:52 | Create | Knight |
Build order — in3rt!a
First 150 of 277 actions detected
| 0:00 | Create | Villager (Male) ×4 |
| 0:02 | Build | House |
| 0:03 | Build | House |
| 1:50 | Create | Villager (Male) |
| 1:56 | Create | Villager (Male) |
| 2:45 | Create | Villager (Male) |
| 3:01 | Create | Villager (Male) |
| 3:18 | Create | Villager (Male) |
| 3:47 | Build | Lumber Camp |
| 3:48 | Create | Villager (Male) |
| 4:02 | Build | House |
| 4:05 | Create | Villager (Male) |
| 5:01 | Create | Villager (Male) |
| 5:02 | Create | Villager (Male) |
| 5:27 | Build | Mill |
| 5:46 | Create | Villager (Male) |
| 5:56 | Build | House |
| 6:17 | Create | Villager (Male) |
| 6:27 | Create | Villager (Male) |
| 6:28 | Create | Villager (Male) |
| 6:31 | Research | Loom |
| 7:08 | Create | Villager (Male) |
| 7:56 | Research | Feudal Age |
| 9:45 | Create | Villager (Male) |
| 9:45 | Create | Villager (Male) |
| 10:07 | Age | Feudal Age |
| 10:14 | Build | Blacksmith |
| 10:42 | Build | Market |
| 10:49 | Create | Villager (Male) |
| 10:52 | Create | Villager (Male) |
| 11:01 | Build | Mining Camp |
| 11:03 | Create | Villager (Male) |
| 11:16 | Create | Villager (Male) |
| 11:16 | Create | Villager (Male) |
| 11:16 | Create | Villager (Male) |
| 11:28 | Research | Double-Bit Axe |
| 11:48 | Build | House |
| 11:50 | Build | House |
| 11:56 | Build | House |
| 12:07 | Research | Wheelbarrow |
| 12:33 | Build | Farm |
| 12:59 | Create | Villager (Male) |
| 12:59 | Create | Villager (Male) |
| 13:03 | Build | Mining Camp |
| 14:16 | Build | Farm |
| 14:20 | Build | Barracks |
| 14:28 | Build | Outpost |
| 14:37 | Build | Farm |
| 15:04 | Build | Stone Wall |
| 15:09 | Build | Stone Wall |
| 15:15 | Create | Villager (Male) |
| 15:15 | Create | Villager (Male) |
| 15:26 | Build | Dock |
| 15:30 | Create | Villager (Male) |
| 15:44 | Build | Farm |
| 16:10 | Build | Farm |
| 16:15 | Build | Farm |
| 16:32 | Research | Castle Age |
| 16:43 | Build | Stone Wall |
| 16:46 | Create | Fishing Ship |
| 16:46 | Create | Fishing Ship |
| 16:46 | Create | Fishing Ship |
| 17:41 | Create | Fire Galley |
| 18:10 | Build | Farm |
| 18:13 | Create | Fishing Ship |
| 18:13 | Create | Fishing Ship |
| 18:43 | Create | Villager (Male) |
| 18:43 | Create | Villager (Male) |
| 18:46 | Research | Man-at-Arms (upgrade) |
| 18:57 | Build | Archery Range |
| 19:12 | Age | Castle Age |
| 19:55 | Build | Archery Range |
| 20:03 | Create | Villager (Male) |
| 20:03 | Create | Villager (Male) |
| 20:03 | Create | Villager (Male) |
| 20:09 | Research | Elite Skirmisher (upgrade) |
| 20:32 | Research | Tech 906 |
| 20:34 | Create | Unit 2626 |
| 21:04 | Build | Castle |
| 21:28 | Create | Villager (Male) |
| 21:28 | Create | Villager (Male) |
| 21:33 | Build | Lumber Camp |
| 21:35 | Build | Farm |
| 21:37 | Create | Villager (Male) |
| 21:37 | Create | Villager (Male) |
| 21:56 | Build | House |
| 21:59 | Research | Fletching |
| 22:08 | Create | Villager (Male) |
| 22:08 | Create | Villager (Male) |
| 22:16 | Build | House |
| 22:21 | Build | House |
| 22:30 | Build | Town Center |
| 22:53 | Create | Samurai ×5 |
| 22:57 | Create | Villager (Male) |
| 23:08 | Create | Villager (Male) |
| 23:25 | Create | Fishing Ship |
| 23:39 | Build | House |
| 23:40 | Build | House |
| 24:15 | Create | Fire Galley |
| 24:21 | Create | Villager (Male) |
| 24:21 | Create | Villager (Male) |
| 24:22 | Build | Farm |
| 24:23 | Create | Villager (Male) |
| 24:31 | Research | Bow Saw |
| 24:33 | Build | Farm |
| 24:58 | Build | Monastery |
| 25:06 | Create | Villager (Male) ×5 |
| 25:26 | Create | Samurai ×5 |
| 25:40 | Research | Horse Collar |
| 25:45 | Build | Farm |
| 25:45 | Build | Farm |
| 26:22 | Build | Farm |
| 26:27 | Build | Farm |
| 26:28 | Build | Farm |
| 26:34 | Build | Farm |
| 26:37 | Build | Farm |
| 26:42 | Create | Skirmisher ×5 |
| 26:42 | Create | Skirmisher ×5 |
| 26:42 | Create | Skirmisher ×5 |
| 27:13 | Build | University |
| 27:15 | Create | Monk |
| 27:15 | Create | Monk |
| 27:23 | Build | Farm |
| 27:27 | Create | Villager (Male) ×5 |
| 27:34 | Research | Arson |
| 27:35 | Research | Squires |
| 27:44 | Research | Scale Mail Armor |
| 28:05 | Build | Farm |
| 28:08 | Create | Villager (Male) ×5 |
| 28:14 | Build | Farm |
| 28:28 | Build | House |
| 28:36 | Build | House |
| 28:45 | Research | Ballistics |
| 28:50 | Research | Ballistics |
| 29:48 | Research | Pikeman (upgrade) |
| 29:55 | Build | Barracks |
| 29:58 | Create | Samurai ×5 |
| 30:00 | Build | Farm |
| 30:01 | Build | Farm |
| 30:04 | Build | Farm |
| 30:06 | Build | Farm |
| 30:08 | Build | Farm |
| 30:10 | Build | Farm |
| 30:16 | Research | Gold Mining |
| 31:01 | Build | Farm |
| 31:05 | Build | Barracks |
| 31:07 | Research | Thumb Ring |
| 31:09 | Research | Gambesons |
| 31:12 | Create | Spearman ×5 |
| 31:13 | Create | Spearman ×5 |
Match timeline
| 5:53 | Barry McCocnher · wall_segment Palisade Wall x5 |
| 7:27 | Barry McCocnher · wall_segment Palisade Wall x5 |
| 8:42 | yeah_dkb · first_building Barracks |
| 9:13 | keager241 · wall_segment Palisade Wall x5 |
| 10:05 | Barry McCocnher · wall_segment Palisade Wall x5 |
| 10:07 | in3rt!a · age_up feudal |
| 10:36 | yeah_dkb · age_up feudal |
| 10:47 | keager241 · wall_segment Palisade Wall x3 |
| 11:11 | Barry McCocnher · first_building Barracks |
| 11:42 | Barry McCocnher · age_up feudal |
| 13:10 | Barry McCocnher · wall_segment Palisade Wall x1 |
| 13:13 | Barry McCocnher · wall_segment Palisade Wall x1 |
| 13:43 | Barry McCocnher · first_building Archery Range |
| 13:50 | keager241 · wall_segment Palisade Wall x1 |
| 13:51 | Barry McCocnher · wall_segment Palisade Wall x6 |
| 13:55 | keager241 · wall_segment Palisade Wall x2 |
| 14:02 | keager241 · age_up feudal |
| 14:20 | in3rt!a · first_building Barracks |
| 14:39 | keager241 · first_building Barracks |
| 14:56 | yeah_dkb · first_market_sell 100 stone |
| 15:04 | in3rt!a · wall_segment Stone Wall x2 |
| 15:09 | in3rt!a · wall_segment Stone Wall x7 |
| 15:26 | in3rt!a · first_building Dock |
| 15:38 | yeah_dkb · first_market_buy 100 food |
| 16:04 | in3rt!a · first_market_buy 100 food |
| 16:43 | in3rt!a · wall_segment Stone Wall x9 |
| 18:13 | Barry McCocnher · age_up castle |
| 18:34 | keager241 · first_market_buy 100 food |
| 18:37 | yeah_dkb · age_up castle |
| 18:57 | in3rt!a · first_building Archery Range |
| 19:01 | yeah_dkb · first_building Castle |
| 19:05 | keager241 · first_building Stable |
| 19:12 | in3rt!a · age_up castle |
| 20:03 | yeah_dkb · wall_segment Stone Wall x7 |
| 21:04 | in3rt!a · first_building Castle |
| 21:21 | keager241 · age_up castle |
| 21:24 | keager241 · first_building Monastery |
| 22:22 | Barry McCocnher · first_building Dock |
| 24:46 | Barry McCocnher · first_building Monastery |
| 24:58 | in3rt!a · first_building Monastery |
| 25:38 | Barry McCocnher · wall_segment Stone Wall x9 |
| 25:58 | keager241 · age_up imperial |
| 27:38 | Barry McCocnher · wall_segment Stone Wall x5 |
| 28:29 | Barry McCocnher · first_market_sell 100 food |
| 28:30 | Barry McCocnher · first_market_buy 100 stone |
| 28:36 | Barry McCocnher · first_building Castle |
| 30:08 | keager241 · first_building Castle |
| 31:15 | Barry McCocnher · wall_segment Stone Wall x1 |
| 32:24 | keager241 · first_building Archery Range |
| 33:21 | Barry McCocnher · wall_segment Stone Wall x1 |
| 33:25 | Barry McCocnher · wall_segment Stone Wall x1 |
| 34:16 | in3rt!a · first_market_sell 100 food |
| 34:16 | yeah_dkb · age_up imperial |
| 35:49 | in3rt!a · wall_segment Stone Wall x7 |
| 35:51 | in3rt!a · wall_segment Stone Wall x9 |
| 36:07 | Barry McCocnher · wall_segment Stone Wall x3 |
| 37:45 | Barry McCocnher · wall_segment Stone Wall x4 |
| 37:53 | in3rt!a · age_up imperial |
| 43:15 | Barry McCocnher · wall_segment Stone Wall x1 |
| 44:19 | Barry McCocnher · wall_segment Stone Wall x11 |
| 47:01 | Barry McCocnher · wall_segment Stone Wall x2 |
| 47:30 | keager241 · resign |
[ AI ANALYSIS · 1 CREDIT ]
What really happened in this match?
Wolo.gg analyzes every decision: build order, eco, micro, common mistakes by bracket. Personalized analysis on WhatsApp or Discord in 30 seconds.
Civ guide
Maya
Map guide
Highland
Perfil
Jugador #9258121